 Dungeon Sprint DCSS version 0.22-a0-429-g97ce8ef721 (webtiles) character file.

6225 Ebeneezer the Nimble (level 10, -1/86 HPs)
             Began as a Gnoll Gladiator on May 25, 2018.
             Was a High Priest of Trog.
             Slain by a dire elephant (29 damage)
             ... in the Dungeon (Sprint IX: "|||||||||||||||||||||||||||||").
             The game lasted 00:02:38 (1033 turns).

Ebeneezer the Nimble (Gnoll Gladiator)              Turns: 1033, Time: 00:02:39

Health: -1/86      AC: 15    Str: 16    XL:     10   Next: 92%
Magic:  23/23      EV: 15    Int: 11    God:    Trog [*****.]
Gold:   0          SH:  0    Dex: 26    Spells: 27/27 levels left

rFire    . . .     SeeInvis .   o - +0 lajatang (venom)
rCold    . . .     Gourm    .   (shield currently unavailable)
rNeg     . . .     Faith    .   q - +1 chain mail
rPois    .         Spirit   .   c - +0 helmet
rElec    .         Reflect  .   (no cloak)
rCorr    .         Harm     .   (no gloves)
MR       .....     NoTele   +   p - +0 pair of boots
Stlth    ++........             (no amulet)
HPRegen  0.24/turn              s - +3 ring of dexterity
MPRegen  0.18/turn              r - +3 ring of dexterity

@: berserk cooldown, slowed, very slow
A: distributed training, fangs 1, strong nose
a: Berserk, Trog's Hand, Brothers in Arms, Renounce Religion


You were in the Dungeon.
You worshipped Trog.
Trog was extremely pleased with you.
You were near starving.

You visited 1 branch

Inventory:

Hand Weapons
 o - a +0 lajatang of venom (weapon)
Missiles
 d - 3 throwing nets (quivered)
Armour
 c - a +0 helmet (worn)
 p - a +0 pair of boots (worn)
 q - a +1 chain mail (worn)
Jewellery
 r - a +3 ring of dexterity (right hand)
 s - a +3 ring of dexterity (left hand)
Wands
 n - a wand of iceblast (10)
Scrolls
 k - 3 scrolls of blinking
 m - 4 scrolls of remove curse
 t - a scroll of magic mapping
 u - 2 scrolls of enchant weapon
 v - a scroll of fog
 w - a scroll of identify
Potions
 b - 4 potions of heal wounds
 e - 6 potions of curing
 g - a potion of brilliance
 h - a potion of haste
 i - 4 potions of magic
 j - a potion of berserk rage
 l - a potion of invisibility
Comestibles
 f - 2 rations


   Skills:
 + Level 10.4 Fighting
 + Level 9.3 Short Blades
 + Level 9.3 Long Blades
 + Level 9.3 Axes
 + Level 9.3 Maces & Flails
 + Level 9.3 Polearms
 + Level 11.2 Staves
 + Level 9.3 Slings
 + Level 9.3 Bows
 + Level 9.3 Crossbows
 + Level 10.4 Throwing
 + Level 9.3 Armour
 + Level 11.2 Dodging
 + Level 9.3 Stealth
 + Level 9.3 Shields
 + Level 9.3 Unarmed Combat
 + Level 9.3 Spellcasting
 + Level 7.8 Conjurations
 + Level 7.8 Hexes
 + Level 7.8 Charms
 + Level 7.8 Summonings
 + Level 7.8 Necromancy
 + Level 7.8 Translocations
 + Level 7.8 Transmutations
 + Level 7.8 Fire Magic
 + Level 7.8 Ice Magic
 + Level 7.8 Air Magic
 + Level 7.8 Earth Magic
 + Level 7.8 Poison Magic
 + Level 10.2 Invocations
 + Level 9.3 Evocations


You had 27 spell levels left.
You didn't know any spells.
Your spell library was empty.

Dungeon Overview and Level Annotations

Branches:
Dungeon (1/1)

Altars:
Cheibriados
Dithmenos
Elyvilon
Fedhas
Gozag
Hepliaklqana
Kikubaaqudgha
Makhleb
Nemelex Xobeh
Okawaru
Qazlal
Ru
Sif Muna
Trog
Uskayaw
Vehumet
Wu Jian
Xom
Yredelemnul
Zin
The Shining One
Beogh
Jiyva
Lugonu


Innate Abilities, Weirdness & Mutations

Your experience applies equally to all skills.
You have very sharp teeth.
Your uncanny sense of smell can sniff out nearby items.


Message History

You slash the dire elephant!
The dire elephant looks as sick as possible!
The dire elephant is moderately wounded.
The dire elephant closely misses you. x2
You slash the dire elephant!
The dire elephant looks as sick as possible!
The dire elephant is moderately wounded.
You slash the dire elephant! You bite the dire elephant!
The dire elephant is heavily wounded.
The dire elephant tramples you!!
You stumble backwards!
You are too injured to fight recklessly!
You are too injured to fight recklessly!
You are too injured to fight recklessly!
Unknown command.
You hit the dire elephant.
The dire elephant is heavily wounded.
You are no longer berserk.
You are exhausted.
You feel yourself slow down. The dire elephant tramples you!!
You die...

▓_▓.▓)▓
∆
▓_▓.▓÷▓
∆
▓_▓.▓.▓
∆
▓_▓.▓.▓
∆
▓_▓.▓.▓
∆
▓_▓.▓.▓
∆
▓_▓.▓.▓
∆
▓_▓.▓.▓
∆
▓_▓.▓@▓
∆
▓_▓.▓Y▓
▓'▓.▓Y▓
∆
▓.▓.▓.▓
∆
▓?▓.▓Y▓
∆
▓|▓.▓.▓
∆
▓)▓.▓.▓
∆
▓.▓.▓.▓
▓[▓.▓.▓
∆


You could see a dire elephant and 2 elephants.

Vanquished Creatures
  A dire elephant (D)
  An unseen horror (D)
  4 elephants (D)
  A black mamba (D)
  3 spiny frogs (D)
  A komodo dragon (D)
  2 wraiths (D)
  2 yaks (D)
  2 water moccasins (D)
  2 porcupines (D)
  A sky beast (D)
  2 ogres (D)
  A crocodile (D)
  3 bullfrogs (D)
  A worker ant (D)
  A shadow imp (D)
  An ooze (D)
  An orc (D)
  A bat skeleton (D)
  2 bat zombies (D)
  A goblin (D)
  A bat (D)
  2 frilled lizards (D)
  2 kobolds (D)
  A leopard gecko skeleton (D)
40 creatures vanquished.

Vanquished Creatures (collateral kills)
  An elephant (D)
  A blink frog (D)
  2 hippogriffs (D)
  A water moccasin (D)
5 creatures vanquished.

Vanquished Creatures (others)
  2 spatial maelstroms (D)
2 creatures vanquished.

Grand Total: 47 creatures vanquished

Notes
Turn   | Place    | Note
-------+----------+-------------------------------------------
     0 | D        | Ebeneezer the Gnoll Gladiator began the quest for the Orb.
     0 | D        | Reached XP level 1. HP: 20/20 MP: 1/1
     1 | D        | Banished a spatial maelstrom
     4 | D        | Banished a spatial maelstrom
    31 | D        | Noticed a worker ant
    34 | D        | Reached skill level 1 in Invocations
    38 | D        | Reached skill level 1 in Short Blades
    38 | D        | Reached skill level 1 in Long Blades
    38 | D        | Reached skill level 1 in Axes
    38 | D        | Reached skill level 1 in Maces & Flails
    38 | D        | Reached skill level 1 in Polearms
    38 | D        | Reached skill level 1 in Slings
    38 | D        | Reached skill level 1 in Bows
    38 | D        | Reached skill level 1 in Crossbows
    38 | D        | Reached skill level 1 in Armour
    38 | D        | Reached skill level 1 in Stealth
    38 | D        | Reached skill level 1 in Shields
    38 | D        | Reached skill level 1 in Unarmed Combat
    38 | D        | Reached skill level 1 in Spellcasting
    38 | D        | Reached skill level 1 in Evocations
    38 | D        | Reached XP level 2. HP: 19/26 MP: 3/3
    39 | D        | Reached skill level 1 in Conjurations
    39 | D        | Reached skill level 1 in Hexes
    39 | D        | Reached skill level 1 in Charms
    39 | D        | Reached skill level 1 in Summonings
    39 | D        | Reached skill level 1 in Necromancy
    39 | D        | Reached skill level 1 in Translocations
    39 | D        | Reached skill level 1 in Transmutations
    39 | D        | Reached skill level 1 in Fire Magic
    39 | D        | Reached skill level 1 in Ice Magic
    39 | D        | Reached skill level 1 in Air Magic
    39 | D        | Reached skill level 1 in Earth Magic
    39 | D        | Reached skill level 1 in Poison Magic
    43 | D        | Reached skill level 5 in Fighting
    43 | D        | Reached skill level 5 in Throwing
    43 | D        | Reached XP level 3. HP: 25/33 MP: 3/6
    49 | D        | Found a roughly hewn altar of Beogh.
    49 | D        | Found a snail-covered altar of Cheibriados.
    49 | D        | Found a shadowy altar of Dithmenos.
    49 | D        | Found a white marble altar of Elyvilon.
    49 | D        | Found a blossoming altar of Fedhas.
    49 | D        | Found an opulent altar of Gozag.
    50 | D        | Found a hazy altar of Hepliaklqana.
    51 | D        | Found a viscous altar of Jiyva.
    52 | D        | Found an ancient bone altar of Kikubaaqudgha.
    53 | D        | Found a corrupted altar of Lugonu.
    54 | D        | Found a burning altar of Makhleb.
    55 | D        | Found a sparkling altar of Nemelex Xobeh.
    56 | D        | Found an iron altar of Okawaru.
    57 | D        | Found a stormy altar of Qazlal.
    58 | D        | Found a sacrificial altar of Ru.
    59 | D        | Found a deep blue altar of Sif Muna.
    60 | D        | Found a bloodstained altar of Trog.
    61 | D        | Found a hide-covered altar of Uskayaw.
    62 | D        | Found a radiant altar of Vehumet.
    63 | D        | Found an ornate altar of the Wu Jian Council.
    64 | D        | Found a shimmering altar of Xom.
    65 | D        | Found a basalt altar of Yredelemnul.
    66 | D        | Found a glowing silver altar of Zin.
    67 | D        | Found a glowing golden altar of the Shining One.
    68 | D        | Became a worshipper of Trog the Wrathful
   156 | D        | Noticed a wraith
   156 | D        | Noticed a sky beast
   156 | D        | Noticed an ogre
   156 | D        | Noticed a yak
   156 | D        | Noticed a wraith
   164 | D        | Killed a wraith
   164 | D        | Reached XP level 4. HP: 33/40 MP: 6/9
   164 | D        | Reached XP level 5. HP: 38/46 MP: 6/10
   168 | D        | Killed a sky beast
   168 | D        | Reached XP level 6. HP: 44/52 MP: 6/12
   173 | D        | Reached * piety under Trog
   173 | D        | Reached skill level 5 in Invocations
   178 | D        | Killed a yak
   178 | D        | Reached skill level 5 in Short Blades
   178 | D        | Reached skill level 5 in Long Blades
   178 | D        | Reached skill level 5 in Axes
   178 | D        | Reached skill level 5 in Maces & Flails
   178 | D        | Reached skill level 5 in Polearms
   178 | D        | Reached skill level 5 in Slings
   178 | D        | Reached skill level 5 in Bows
   178 | D        | Reached skill level 5 in Crossbows
   178 | D        | Reached skill level 5 in Armour
   178 | D        | Reached skill level 5 in Stealth
   178 | D        | Reached skill level 5 in Shields
   178 | D        | Reached skill level 5 in Unarmed Combat
   178 | D        | Reached skill level 5 in Spellcasting
   178 | D        | Reached skill level 5 in Evocations
   178 | D        | Reached XP level 7. HP: 50/60 MP: 8/14
   193 | D        | Killed a wraith
   194 | D        | Reached ** piety under Trog
   314 | D        | Noticed a yak
   318 | D        | Killed a yak
   323 | D        | Reached XP level 8. HP: 67/67 MP: 16/16
   324 | D        | Reached *** piety under Trog
   332 | D        | Killed an unseen horror
   332 | D        | Reached skill level 5 in Conjurations
   332 | D        | Reached skill level 5 in Hexes
   332 | D        | Reached skill level 5 in Charms
   332 | D        | Reached skill level 5 in Summonings
   332 | D        | Reached skill level 5 in Necromancy
   332 | D        | Reached skill level 5 in Translocations
   332 | D        | Reached skill level 5 in Transmutations
   332 | D        | Reached skill level 5 in Fire Magic
   332 | D        | Reached skill level 5 in Ice Magic
   332 | D        | Reached skill level 5 in Air Magic
   332 | D        | Reached skill level 5 in Earth Magic
   332 | D        | Reached skill level 5 in Poison Magic
   493 | D        | Noticed a komodo dragon
   493 | D        | Noticed a spiny frog
   494 | D        | Noticed a spiny frog
   502 | D        | Killed a komodo dragon
   502 | D        | Received a gift from Trog
   502 | D        | Reached XP level 9. HP: 75/75 MP: 17/19
   503 | D        | Reached **** piety under Trog
   509 | D        | Killed a spiny frog
   512 | D        | Killed a spiny frog
   512 | D        | Reached skill level 10 in Staves
   512 | D        | Reached skill level 10 in Dodging
   518 | D        | Reached ***** piety under Trog
   522 | D        | Received a gift from Trog
   758 | D        | Noticed a spiny frog
   758 | D        | Noticed a black mamba
   762 | D        | Noticed an elephant
   764 | D        | Killed a spiny frog
   776 | D        | Killed a black mamba
   776 | D        | Received a gift from Trog
   776 | D        | Reached XP level 10. HP: 83/83 MP: 22/22
   784 | D        | Received a gift from Trog
   789 | D        | Killed an elephant
  1001 | D        | Noticed an elephant
  1001 | D        | Noticed an elephant
  1001 | D        | Noticed an elephant
  1001 | D        | Noticed an elephant
  1001 | D        | Noticed an elephant
  1001 | D        | Noticed an elephant
  1002 | D        | Noticed a dire elephant
  1005 | D        | Killed an elephant
  1009 | D        | Killed an elephant
  1009 | D        | Reached skill level 10 in Fighting
  1009 | D        | Reached skill level 10 in Throwing
  1013 | D        | Killed an elephant
  1014 | D        | Noticed a dire elephant
  1023 | D        | Killed a dire elephant
  1023 | D        | Received a gift from Trog
  1023 | D        | Reached skill level 10 in Invocations
  1026 | D        | Killed an elephant
  1033 | D        | Slain by a dire elephant

Vault maps used:
D:        linesprint

Skill      XL: |  1  2  3  4  5  6  7  8  9 10 |
---------------+-------------------------------+-----
Invocations    | 1 2 4 5 6 7 9 10 | 10.2
Short Blades   | 1 2 3 4 5 7 8 9 |  9.3
Long Blades    | 1 2 3 4 5 7 8 9 |  9.3
Axes           | 1 2 3 4 5 7 8 9 |  9.3
Maces & Flails | 1 2 3 4 5 7 8 9 |  9.3
Polearms       | 1 2 3 4 5 7 8 9 |  9.3
Slings         | 1 2 3 4 5 7 8 9 |  9.3
Bows           | 1 2 3 4 5 7 8 9 |  9.3
Crossbows      | 1 2 3 4 5 7 8 9 |  9.3
Armour         | 1 2 3 4 5 7 8 9 |  9.3
Stealth        | 1 2 3 4 5 7 8 9 |  9.3
Shields        | 1 2 3 4 5 7 8 9 |  9.3
Unarmed Combat | 1 2 3 4 5 7 8 9 |  9.3
Spellcasting   | 1 2 3 4 5 7 8 9 |  9.3
Evocations     | 1 2 3 4 5 7 8 9 |  9.3
Conjurations   | 1 3 4 5 6 7 |  7.8
Hexes          | 1 3 4 5 6 7 |  7.8
Charms         | 1 3 4 5 6 7 |  7.8
Summonings     | 1 3 4 5 6 7 |  7.8
Necromancy     | 1 3 4 5 6 7 |  7.8
Translocations | 1 3 4 5 6 7 |  7.8
Transmutations | 1 3 4 5 6 7 |  7.8
Fire Magic     | 1 3 4 5 6 7 |  7.8
Ice Magic      | 1 3 4 5 6 7 |  7.8
Air Magic      | 1 3 4 5 6 7 |  7.8
Earth Magic    | 1 3 4 5 6 7 |  7.8
Poison Magic   | 1 3 4 5 6 7 |  7.8
Fighting       | 5 6 7 8 9 10 | 10.4
Throwing       | 5 6 7 8 9 10 | 10.4
Staves         | 7 8 9 10 11 | 11.2
Dodging        | 7 8 9 10 11 | 11.2

Action                   |  1- 3 |  4- 6 |  7- 9 | 10-12 || total
-------------------------+-------+-------+-------+-------++-------
Melee: Quarterstaff      |    24 |       |       |       ||    24
       Bite              |     8 |     2 |    20 |     8 ||    38
       Lajatang          |     7 |    12 |    81 |    37 ||   137
Invok: Berserk           |       |       |     3 |     1 ||     4
       Brothers in Arms  |       |       |       |     1 ||     1
  Use: Potion            |     1 |     2 |     1 |       ||     4
 Stab: Sleeping          |     1 |       |       |       ||     1
  Eat: Chunk             |       |       |     1 |     2 ||     3
Armor: Leather armour    |     3 |       |       |       ||     3
       Chain mail        |     2 |     3 |    16 |    11 ||    32
Dodge: Dodged            |    18 |     5 |    48 |    28 ||    99

Table legend:
 A = Spawn XP
 B = Non-spawn XP
 C = Spawn XP percentage of total XP
 D = Spawn monster count
 E = Non-spawn monster count
 F = Spawn count percentage of total count
 G = Total turns spent on level
                    A         B        C        D         E        F      G
               +---------+---------+-------+---------+---------+-------+---------
         Total |       0 |    8894 |   0.0 |       0 |      45 |   0.0 |  1033
               +---------+---------+-------+---------+---------+-------+---------
             D |       0 |    8894 |   0.0 |       0 |      45 |   0.0 |  1033
               +---------+---------+-------+---------+---------+-------+---------
